 Dungeon Crawl Stone Soup version 0.30.1-11-g7821555f0a (webtiles) character file.

Game seed: 9495461695195824863

810 Shaksi the Charlatan (level 8, -1/58 HPs)
             Began as a Human Artificer on Dec 3, 2023.
             Was an Initiate of Qazlal.
             Hit by a large rock thrown by a cyclops (21 damage)
             ... on level 6 of the Dungeon.
             The game lasted 00:08:33 (1649 turns).

Shaksi the Charlatan (Human Artificer)              Turns: 1649, Time: 00:08:34

Health: -1/58      AC:  4    Str: 12    XL:     8   Next: 15%
Magic:  8/8        EV: 12    Int: 13    God:    Qazlal [......]
Gold:   101        SH:  0    Dex: 15    Spells: 7/7 levels left

rFire   . . .        p - +7 staff of the Meek {protect, meekguard}
rCold   . . .        (shield currently unavailable)
rNeg    . . .        b - +1 leather armour
rPois   .            (no helmet)
rElec   .            (no cloak)
rCorr   .            (no gloves)
SInv    .            (no boots)
Will    .....        (no amulet)
Stlth   ++           (no ring)
HPRegen 0.29/turn    (no ring)
MPRegen 0.11/turn

%: no passive effects
@: hasted, very quick
A: no striking features
a: Renounce Religion


You were on level 6 of the Dungeon.
You worshipped Qazlal.
Qazlal was noncommittal.
You visited 2 branches of the dungeon, and saw 8 of its levels.

You collected 101 gold pieces.

Inventory:

Hand Weapons
 p - the +7 staff of the Meek (weapon) {protect, meekguard}
   (You found it on level 3 of the Dungeon)
Missiles
 m - 2 poisoned darts
 o - 4 boomerangs (quivered)
Armour
 b - a +1 leather armour (worn)
Wands
 c - a wand of flame (5)
 d - a wand of charming (8)
Scrolls
 k - a scroll of vulnerability
Potions
 a - a potion of heal wounds {unknown}
 e - 2 potions of curing {unknown}
 h - a potion of degeneration {unknown}
 i - a potion of might {unknown}
 j - 2 potions of lignification {unknown}


   Skills:
 * Level 3.0 Fighting
 - Level 1.4 Short Blades
 * Level 2.9 Staves
 * Level 2.3 Throwing
 * Level 3.9 Armour
 * Level 2.8 Dodging
 * Level 3.1 Stealth
 * Level 4.8 Evocations


You had 7 spell levels left.
You didn't know any spells.
Your spell library was empty.

Dungeon Overview and Level Annotations

Branches:
Dungeon (7/15)             Temple (1/1) D:5

Altars:
Ashenzari
Dithmenos
Fedhas
Hepliaklqana
Kikubaaqudgha
Okawaru
Qazlal
Sif Muna
Trog
Vehumet
Xom
Yredelemnul
Zin
The Shining One


Message History

There is an open door here.
Found a stone staircase leading down.
Aiming: Charm
Press: ? - help, Shift-Dir - straight line, f - jelly
Aim: a jelly (chance to affect: 69%)
The jelly is charmed.
The cyclops throws a large rock.
The large rock completely misses you. What are your orders? t - Shout!
Orders for allies: a - Attack new target. p - Attack previous target. r - Retreat! s - Stop attacking. g - Guard the area. f - Follow me.
Anything else - Cancel.
Gang up on whom?
Press: ? - help, Dir - move target, f - cyclops, p - jelly
Aim: a cyclops, quivering large rocks Attack!
Your jelly hits the cyclops.
The cyclops is splashed with acid.
Your jelly hits the cyclops but does no damage.
Throw: 4 boomerangs
Press: ? - help, Q - select action, (/) - cycle Shift-Dir - straight line, f/p - cyclops
Aim: a cyclops, quivering large rocks (lightly wounded, ally target, 86% to hit)
You throw a boomerang. The boomerang hits the cyclops!
The cyclops is moderately wounded.
Your jelly hits the cyclops but does no damage.
Throw: 4 boomerangs
Press: ? - help, Q - select action, (/) - cycle Shift-Dir - straight line, f/p - cyclops
Aim: a cyclops, quivering large rocks (moderately wounded, ally target, 86% to hit)
You throw a boomerang. The boomerang hits the cyclops.
The cyclops is moderately wounded.
Throw: 4 boomerangs
Press: ? - help, Q - select action, (/) - cycle Shift-Dir - straight line, f/p - cyclops
Aim: a cyclops, quivering large rocks (moderately wounded, ally target, 86% to hit)
You throw a boomerang. The boomerang hits the cyclops.
The cyclops is moderately wounded.
The cyclops throws a large rock.
The large rock closely misses you.
Your jelly hits the cyclops.
The cyclops is splashed with acid!
The acid corrodes the cyclops!
The cyclops throws a large rock.
The large rock hits you!!
You die...

....## #....
.....##....#
......>....#
#........# ##.......#
##........#
#.........##
###......CJ..##
#.....@.......######
.....................
#####+#######'####...
##.....# #.....
##.....####.....
##.....###.#.....
##.....###..#.....
#.....###...+..##.
#####'####.C..#.....


You could see a cyclops (corroded, ally target) and a friendly jelly (charmed).

Vanquished Creatures
  A yak (D:6)
  A black bear (D:6)
  A centaur (D:6)
  An ogre (D:6)
  2 bullfrogs (D:6)
  2 scorpions (D:6)
  An orc priest (D:3)
  A jelly (D:5)
  6 adders
  2 shadow imps
  An ufetubus (D:6)
  2 dart slugs
  4 orcs (D:3)
  A ball python (D:1)
  6 bats
  3 endoplasms
  2 giant cockroaches
  2 goblins
  3 hobgoblins
  A quokka (D:1)
  A frilled lizard (D:3)
  A rat (D:2)
45 creatures vanquished.

Vanquished Creatures (collateral kills)
  An orc (D:3)
  A quokka (D:2)
  A ball python (D:3)
3 creatures vanquished.

Vanquished Creatures (others)
  A hound (D:6)
1 creature vanquished.

Grand Total: 49 creatures vanquished

Notes
Turn   | Place    | Note
-------+----------+-------------------------------------------
     0 | D:1      | Shaksi the Human Artificer began the quest for the Orb.
     0 | D:1      | Reached XP level 1. HP: 15/15 MP: 1/1
   133 | D:1      | Reached XP level 2. HP: 15/21 MP: 2/2
   154 | D:2      | Reached XP level 3. HP: 25/26 MP: 3/3
   477 | D:3      | Reached XP level 4. HP: 23/32 MP: 4/4
   551 | D:3      | Reached skill level 4 in Evocations
   645 | D:3      | Reached skill level 1 in Short Blades
   706 | D:3      | Reached XP level 5. HP: 21/38 MP: 5/5
   707 | D:3      | Found the +7 staff of the Meek {protect, meekguard}
   855 | D:5      | Entered Level 5 of the Dungeon
  1001 | D:5      | Found a staircase to the Ecumenical Temple.
  1023 | Temple   | Entered the Ecumenical Temple
  1128 | Temple   | Became a worshipper of Qazlal Stormbringer
  1188 | D:5      | You fall into a shaft and drop 2 floors!
  1195 | D:6      | Noticed a black bear
  1204 | D:6      | Killed a black bear
  1205 | D:6      | Reached skill level 1 in Throwing
  1205 | D:6      | Reached XP level 6. HP: 31/44 MP: 6/6
  1283 | D:6      | Reached skill level 1 in Staves
  1291 | D:6      | Noticed an ogre
  1307 | D:6      | Killed an ogre
  1308 | D:6      | Reached XP level 7. HP: 51/51 MP: 7/7
  1323 | D:6      | Found a glowing golden altar of the Shining One.
  1324 | D:6      | Noticed a yak
  1342 | D:6      | Killed a yak
  1515 | D:6      | Reached XP level 8. HP: 37/58 MP: 8/8
  1613 | D:6      | Noticed a cyclops
  1649 | D:6      | Hit by a large rock thrown by a cyclops

Illustrated notes

Levels and vault maps discovered:
D:1:      dpeg_arrival_three_bigger_balls, layout_basic
D:2:      layout_loops_cross, nicolae_ecumenical_lake_church
D:3:      layout_rooms, chequers_serial_rivers_small_a,
          minmay_misc_feat_ornament, pf_guarded_unrand_meek
D:4:      nicolae_cairo_tiling, layout_cave_pools
D:5:      layout_cave_pods, mainiacjoe_overflow_swirl,
          minmay_temple_entry_butterflies, hangedman_decor_riveting, uniq_pikel
D:6:      layout_layer_cave, general_overflow_altar, serial_shops,
          nicolae_shop_industrial_runoff, nicolae_shop_real_fake_doors,
          nicolae_stop_n_shop_1, nicolae_shop_bloodbath_and_beyond,
          minmay_quadrilaterals, uniq_prince_ribbit1
D:7:      layout_loops_ring, chequers_temple_overflow_statue_of_worship,
          nicolae_ru_great_annihilating_truth, serial_shops,
          nicolae_shop_mannequins
Temple:   dshaligram_water_room_temple

Skill      XL: |  1  2  3  4  5  6  7 |
---------------+----------------------+-----
Evocations     | 4 |  4.8
Short Blades   | 1 |  1.4
Fighting       | 2 3 |  3.0
Throwing       | 1 2 |  2.3
Armour         | 3 |  3.9
Dodging        | 2 |  2.8
Stealth        | 2 3 |  3.1
Staves         | 1 2 |  2.9

Action                     |  1- 3 |  4- 6 |  7- 9 || total
---------------------------+-------+-------+-------++-------
  Melee: Dagger            |    48 |       |       ||    48
         Short sword       |       |    65 |       ||    65
         Punch             |       |     1 |       ||     1
         Quarterstaff      |       |    11 |    37 ||    48
  Throw: Dart              |       |     6 |     2 ||     8
         Boomerang         |       |       |     9 ||     9
  Evoke: Wand              |    12 |     9 |     1 ||    22
    Use: Scroll            |       |     4 |     1 ||     5
         Potion            |       |       |     1 ||     1
   Stab: Sleeping          |     1 |     1 |       ||     2
 Armour: Leather armour    |    22 |    31 |    22 ||    75
  Dodge: Dodged            |    38 |    66 |    26 ||   130
